 Dungeon Crawl Stone Soup version 0.22.1-6-g1668fe2 (webtiles) character file.

8444 Kairos the Cleaver (level 11, -3/56 HPs)
             Began as a Vine Stalker Fighter on Jan 28, 2019.
             Was a High Priest of Okawaru.
             Slain by an ice beast (8 damage)
             ... on level 1 of the Lair of Beasts.
             The game lasted 00:17:41 (8344 turns).

Kairos the Cleaver (Vine Stalker Fighter)           Turns: 8344, Time: 00:17:45

Health: -3/56      AC: 16    Str: 24    XL:     11   Next: 31%
Magic:  0/12       EV: 15    Int:  8    God:    Okawaru [*****.]
Gold:   368        SH: 14    Dex: 18    Spells: 10/10 levels left

rFire    + . .     SeeInvis .   A - +1 broad axe
rCold    . . .     Gourm    .   c - +0 shield
rNeg     . . .     Faith    +   J - +4 scale mail {rF+}
rPois    .         Spirit   +   B - +0 helmet
rElec    .         Reflect  .   (no cloak)
rCorr    .         Harm     .   q - +0 pair of gloves
MR       +....                  (no boots)
Stlth    ++........             z - amulet of faith
HPRegen  0.58/turn              m - +3 ring of dexterity
MPRegen  0.13/turn              F - +3 ring of strength

@: lethally poisoned (-3 -> -4), heroism
A: fangs 3, regeneration 1, magic shield, antimagic bite, no potion heal 3, rot
immunity
a: Heroism, Finesse, Renounce Religion


You were on level 1 of the Lair of Beasts.
You worshipped Okawaru.
Okawaru was extremely pleased with you.
You were not hungry.

You visited 3 branches of the dungeon, and saw 11 of its levels.

You collected 473 gold pieces.
You spent 105 gold pieces at shops.

Inventory:

Hand Weapons
 a - a +1 war axe
 v - a +0 hand axe of venom
 A - a +1 broad axe (weapon)
 I - the +5 morningstar "Vaumiacu" {crush, Int+2}
   (You found it on level 7 of the Dungeon)

   It inflicts extra damage upon your enemies.
   It affects your intelligence (+2).
Armour
 b - a +0 scale mail
 c - a +0 shield (worn)
 g - a +0 helmet
 q - a +0 pair of gloves (worn)
 t - a +0 chain mail
 B - a +0 helmet (worn)
 J - a +4 scale mail of fire resistance (worn)
Jewellery
 m - a +3 ring of dexterity (left hand)
 x - an uncursed amulet of regeneration
 z - an amulet of faith (around neck)
 C - a +2 amulet of reflection
 F - a +3 ring of strength (right hand)
 N - an uncursed ring of protection from fire {unknown}
Wands
 s - a wand of acid (12)
 y - a wand of paralysis (13)
 E - a wand of enslavement (9)
 L - a wand of disintegration (11)
Scrolls
 e - 4 scrolls of amnesia
 h - 3 scrolls of teleportation
 i - 3 scrolls of magic mapping
 k - 2 scrolls of fog
 o - 5 scrolls of blinking
 r - 6 scrolls of remove curse
 D - a scroll of fear {unknown}
 M - 3 scrolls of identify
Potions
 d - a potion of might
 j - 2 potions of lignification {unknown}
 l - a potion of haste
 n - 2 potions of degeneration {unknown}
 p - 4 potions of curing {unknown}
 u - 2 potions of experience {unknown}
 w - a potion of brilliance {unknown}
 G - a potion of agility {unknown}
 H - a potion of ambrosia {unknown}
 K - 2 potions of resistance
Comestibles
 f - 13 rations


   Skills:
 + Level 6.2(11.2) Fighting
 * Level 11.1(16.1) Axes
 + Level 0.5(12.0) Maces & Flails
 + Level 6.0(11.0) Armour
 + Level 2.9(7.9) Dodging
 + Level 2.0(7.0) Stealth
 + Level 7.2(12.2) Shields
 + Level 1.0 Invocations


You had 10 spell levels left.
You didn't know any spells.
Your spell library contained the following spells:

 Spells                   Type           Power        Failure   Level  Hunger
 Confusing Touch          Hex            #.....       77%         1    ##.....
 Confuse                  Hex            #.......     98%         3    ####...
 Gell's Gravitas          Tloc           #.........   98%         3    ####...
 Petrify                  Tmut/Erth      #.......     100%        4    #####..
 Metabolic Englaciation   Hex/Ice        #.........   100%        5    ######.
 Yara's Violent Unravell  Hex/Tmut       #.........   100%        5    ######.


Dungeon Overview and Level Annotations

Branches:
Dungeon (9/15)             Temple (1/1) D:5            Lair (1/6) D:9
    Orc: D:9-12

Altars:
Ashenzari
Cheibriados
Dithmenos
Elyvilon
Fedhas
Gozag
Hepliaklqana
Kikubaaqudgha
Makhleb
Nemelex Xobeh
Okawaru
Qazlal
Ru
Sif Muna
Trog
Uskayaw
Vehumet
Wu Jian
Xom
Yredelemnul
Zin
The Shining One

Shops:
D:7 *   D:8 (?


Innate Abilities, Weirdness & Mutations

You have razor-sharp teeth.
Your natural rate of healing is unusually fast.
When hurt, damage is shared between your health and your magic reserves.
Your bite disrupts and absorbs the magic of your enemies.
Potions cannot restore your health.
You are immune to rotting.


Message History

You kill the spiny frog!
Okawaru accepts your kill.
Your base Armour skill increases to level 6!
Your base Stealth skill increases to level 2!
You barely miss the ice beast.
You feel sick.
Unknown command.
You feel sick.
You hit the ice beast. Your bite misses the ice beast.
The ice beast is moderately wounded.
You closely miss the ice beast. You block the ice beast's attack.
The ice beast hits you but does no damage.
You feel sick.
You barely miss the ice beast.
You bite the ice beast, but do no damage.
The ice beast is lightly wounded.
You barely miss the ice beast. You hit the plant but do no damage.
The ice beast barely misses you. The ice beast hits you.
* * * LOW HITPOINT WARNING * * *
The ice beast freezes you!
You die...

*,,,,*****#.P.....†.<.......,,,,,
,,,*******###..............#**,**
*,,****,P##.#..............#,,,*,
,,,,,,,,....................,,,,,
,,,,,,,,....................,,,,,
,,,,,,,,....................,,,,,
**,*,,,,.######..########..#*,***
***,,,*** #P..P# ***...*** *,,,,*
##.@## *,,,,** ****,,,**######YY#
**,,,,,*
,**,,,,,,........#####..,,,******
,,,,,,,,,........Y..Y.Y.,,,,,,,,,
,,,,,,,,,.........P##...∩,,,,,***
****,,,,*####P###.##**,,,,,*,,*
**,,,,* ##***.# *,,,,,*,,*
****,,,** ****,.# **,****,,*
**,**,,,*****,***.# ***** *,,*


You could see 3 ice beasts.

Vanquished Creatures
  Harold (D:7)
  The ghost of GoLoT the Grappler, a novice MiMo of Elyvilon (D:8)
  Psyche (D:8)
  2 spiny frogs (Lair:1)
  A hornet (D:8)
  A hippogriff (D:9)
  Sigmund (D:2)
  2 wyverns
  A soldier ant (D:8)
  A water moccasin (D:8)
  3 orc warriors
  3 sky beasts
  A phantom (D:7)
  An ice beast (D:7)
  10 ogres
  2 centaurs
  2 necrophages
  A crocodile (D:9)
  7 big kobolds (D:8)
  5 bullfrogs
  7 killer bees (D:9)
  3 scorpions
  9 wights
  7 howler monkeys
  7 crimson imps
  2 jellies
  A bullfrog zombie (D:9)
  8 hounds
  7 orc wizards
  An iguana (D:8)
  7 worker ants
  Natasha (thrice) (D:2)
  A worker ant zombie (D:9)
  4 gnolls (D:4)
  13 adders
  A shadow imp (D:7)
  5 adder skeletons
  5 worms
  A dart slug (D:2)
  3 leopard geckos
  32 orcs
  10 giant cockroaches
  4 goblins
  12 hobgoblins
  16 jackals
  8 kobolds
  7 quokkas
  2 ball pythons
  12 bats
  9 frilled lizards
  A jackal skeleton (D:7)
  A quokka skeleton (D:5)
  A quokka zombie (D:9)
  11 rats
  2 fungi (D:9)
  A plant (D:9)
271 creatures vanquished.

Vanquished Creatures (others)
  4 fungi
  2 plants
6 creatures vanquished.

Grand Total: 277 creatures vanquished

Notes
Turn   | Place    | Note
-------+----------+-------------------------------------------
     0 | D:1      | Kairos the Vine Stalker Fighter began the quest for the
                  | Orb.
     0 | D:1      | Reached XP level 1. HP: 11/11 MP: 2/2
    96 | D:1      | Reached XP level 2. HP: 16/16 MP: 3/3
   130 | D:1      | Reached skill level 2 in Axes
   684 | D:1      | Reached XP level 3. HP: 19/19 MP: 4/4
  1001 | D:2      | Noticed Natasha
  1003 | D:2      | Gained mutation: Your natural rate of healing is unusually
                  | fast. [Vine Stalker growth]
  1003 | D:2      | Reached XP level 4. HP: 15/23 MP: 3/5
  1026 | D:2      | Killed Natasha
  1026 | D:2      | Reached skill level 3 in Axes
  1405 | D:2      | Noticed Natasha
  1411 | D:2      | Killed Natasha
  1411 | D:2      | Reached XP level 5. HP: 24/28 MP: 4/6
  1533 | D:2      | Noticed Natasha
  1542 | D:2      | Killed Natasha
  1542 | D:2      | Reached skill level 4 in Axes
  1564 | D:2      | Found an ancient bone altar of Kikubaaqudgha.
  1567 | D:2      | Noticed Sigmund
  1581 | D:2      | Killed Sigmund
  1581 | D:2      | Reached XP level 6. HP: 29/32 MP: 5/7
  2000 | D:3      | Found a radiant altar of Vehumet.
  2166 | D:3      | Reached skill level 5 in Axes
  2166 | D:3      | Reached XP level 7. HP: 22/36 MP: 4/8
  2371 | D:3      | Found a blossoming altar of Fedhas.
  2857 | D:4      | Found a sacrificial altar of Ru.
  2868 | D:4      | Reached skill level 6 in Axes
  3019 | D:4      | Reached skill level 1 in Dodging
  3361 | D:5      | Entered Level 5 of the Dungeon
  3397 | D:5      | Found a staircase to the Ecumenical Temple.
  3436 | D:5      | Gained mutation: You have razor-sharp teeth. [Vine Stalker
                  | growth]
  3436 | D:5      | Reached XP level 8. HP: 40/40 MP: 9/9
  3721 | Temple   | Entered the Ecumenical Temple
  3948 | Temple   | Became a worshipper of Warmaster Okawaru
  4450 | D:5      | Found a burning altar of Makhleb.
  4464 | D:5      | Reached skill level 7 in Axes
  4779 | D:6      | Reached * piety under Okawaru
  4779 | D:6      | Reached skill level 1 in Stealth
  4959 | D:7      | Reached skill level 5 in Shields
  4959 | D:7      | Reached XP level 9. HP: 40/45 MP: 8/10
  5119 | D:7      | Reached skill level 8 in Axes
  5146 | D:7      | Reached ** piety under Okawaru
  5161 | D:7      | Found a sacrificial altar of Ru.
  5351 | D:7      | Found Ymaug's General Store.
  5459 | D:7      | Got a fine morningstar
  5460 | D:7      | Identified the +5 morningstar "Vaumiacu" {crush, Int+2}
                  | (You found it on level 7 of the Dungeon)
  5654 | D:7      | Noticed Harold
  5684 | D:7      | Killed Harold
  5684 | D:7      | Reached skill level 9 in Axes
  6029 | D:7      | Reached skill level 5 in Armour
  6029 | D:7      | Reached XP level 10. HP: 51/51 MP: 11/11
  6134 | D:8      | Reached *** piety under Okawaru
  6134 | D:8      | Reached skill level 5 in Fighting
  6162 | D:8      | Found Fofuki Apse's Antique Weapon Shoppe.
  6252 | D:8      | Paralysed by a hornet for 3 turns
  6292 | D:8      | Noticed Psyche
  6305 | D:8      | Killed Psyche
  6311 | D:8      | Reached skill level 10 in Axes
  6327 | D:8      | Found a shattered altar of Ashenzari.
  6344 | D:8      | Reached **** piety under Okawaru
  6433 | D:8      | Found a runed gate.
  6434 | D:8      | Noticed GoLoT's ghost (novice MiMo)
  6435 | D:8      | Found a runed gate.
  6435 | D:8      | Found a runed gate.
  6463 | D:8      | Found Poklax Isou's Magic Scroll Shop.
  6471 | D:8      | Bought a scroll of enchant weapon for 105 gold pieces
  6702 | D:8      | Found a hide-covered altar of Uskayaw.
  6704 | D:8      | Found a blossoming altar of Fedhas.
  7372 | D:8      | Killed GoLoT's ghost
  7379 | D:8      | Received a gift from Okawaru
  7380 | D:8      | Reached skill level 1 in Invocations
  7673 | D:9      | Reached XP level 11. HP: 52/56 MP: 12/12
  7701 | D:9      | Reached ***** piety under Okawaru
  7873 | D:9      | Found a staircase to the Lair.
  7986 | D:9      | Found a shimmering altar of Xom.
  7986 | D:9      | Found a basalt altar of Yredelemnul.
  8307 | Lair:1   | Entered Level 1 of the Lair of Beasts
  8314 | Lair:1   | Reached skill level 11 in Axes
  8344 | Lair:1   | Slain by an ice beast

Skill      XL: |  1  2  3  4  5  6  7  8  9 10 11 |
---------------+----------------------------------+-----
Axes           | 2 3 4 5 6 7 9 10 11 | 11.1
Shields        | 3 4 5 6 7 |  7.2
Armour         | 3 4 5 6 |  6.0
Fighting       | 3 4 6 |  6.2
Dodging        | 1 2 |  2.9
Stealth        | 1 2 |  2.0
Invocations    | 1 |  1.0
Maces & Flails | |  0.5

Action                   |  1- 3 |  4- 6 |  7- 9 | 10-12 || total
-------------------------+-------+-------+-------+-------++-------
Melee: War axe           |    97 |   127 |    99 |       ||   323
       Bite              |    20 |    33 |   115 |   107 ||   275
       Broad axe         |       |       |   193 |   265 ||   458
       Morningstar       |       |       |     6 |       ||     6
Invok: Heroism           |       |       |     2 |    10 ||    12
Evoke: Wand              |       |       |       |     2 ||     2
  Use: Scroll            |     6 |     2 |     5 |     3 ||    16
 Stab: Paralysed         |       |       |     1 |       ||     1
  Eat: Chunk             |       |     4 |     9 |     5 ||    18
       Ration            |       |       |     1 |     1 ||     2
Armor: Scale mail        |    55 |    59 |     7 |   107 ||   228
       Chain mail        |       |       |   129 |       ||   129
Dodge: Dodged            |    44 |    38 |    63 |   102 ||   247
Block: Shield            |    59 |    57 |   137 |   176 ||   429
